 Dungeon Crawl Stone Soup version 0.20.1-1-g8b1a95d66d (webtiles) character file.

149 Jynx the Changer (level 5, -1/39 HPs)
             Began as a Merfolk Transmuter on Dec 31, 2017.
             Slain by Sigmund
             ... wielding a +0 scythe
              (11 damage)
             ... on level 3 of the Dungeon on Jan 1, 2018.
             The game lasted 00:08:56 (4094 turns).

Jynx the Changer (Merfolk Transmuter)               Turns: 4094, Time: 00:08:57

Health: -1/39      AC:  2    Str: 11    XL:     5   Next: 31%
Magic:  4/9        EV: 13    Int: 12    God:
Gold:   126        SH:  0    Dex: 15    Spells: 3/9 levels left

rFire    . . .     SeeInvis .     - Unarmed
rCold    . . .     Gourm    .   (no shield)
rNeg     . . .     Faith    .   b - +0 robe
rPois    .         Spirit   .   (no helmet)
rElec    .         Reflect  .   (no cloak)
rCorr    .         Harm     .   (no gloves)
MR       .....                  (no boots)
Stlth    +.........             (no amulet)
Regen    0.2/turn               (no ring)
MPRegen  0.2/turn               (no ring)

@: no status effects
A: change form in water, swift swim, stealthy swim
a: no special abilities


You were on level 3 of the Dungeon.
You were near starving.

You visited 1 branch of the dungeon, and saw 4 of its levels.

You collected 126 gold pieces.

Inventory:

Missiles
 a - 41 arrows
Armour
 b - a +0 robe (worn)
Jewellery
 o - a +3 ring of dexterity {unknown}
Scrolls
 e - a scroll of enchant armour {unknown}
 f - a scroll of teleportation
 k - a scroll of remove curse
 l - a scroll of blinking
 m - a scroll of amnesia
Potions
 g - a potion of agility
 h - a potion of brilliance
 i - a potion of might
 p - a potion of ambrosia {unknown}
Books
 c - a book of Changes

   Spells                             Type                      Level
   a - Beastly Appendage              Transmutation                1
   b - Sticks to Snakes               Transmutation                2
   c - Spider Form                    Transmutation/Poison         3
   d - Ice Form                       Ice/Transmutation            4
   e - Blade Hands                    Transmutation                5
Comestibles
 d - a bread ration
 n - 2 meat rations


   Skills:
 - Level 2.5 Fighting
 - Level 2.6 Dodging
 - Level 4.0 Unarmed Combat
 + Level 2.7 Spellcasting
 * Level 5.0 Transmutations
 + Level 0.0 Poison Magic


You had 3 spell levels left.
You knew the following spells:

 Your Spells              Type           Power        Failure   Level  Hunger
a - Beastly Appendage     Tmut           ##....       3%          1    #......
b - Sticks to Snakes      Tmut           ##......     4%          2    ###....
c - Spider Form           Tmut/Pois      #.........   26%         3    ###....


Dungeon Overview and Level Annotations

Branches:
Dungeon (4/15)
 Temple: D:4-7

Altars:
Dithmenos
Hepliaklqana

Annotations:
D:3 Sigmund


Message History

Your ball python barely misses the goblin.
Your ball python misses the goblin.
Your ball python barely misses the goblin. x2
Your ball python bites the goblin.
Your ball python barely misses the goblin.
The goblin closely misses you.
Your ball python barely misses the goblin.
Your ball python grabs the goblin.
Your ball python constricts the goblin.
The goblin dies!
Sigmund hits you from afar with a scythe!
Sigmund casts a spell.
Sigmund flickers and vanishes!
Deactivating autopickup; reactivate with Ctrl-A.
Unknown command.
You closely miss something. Something hits you!
* * * LOW HITPOINT WARNING * * *
Unknown command.
There is a stone staircase leading down, spattered with blood here.
Something hits you!
You die...

....#####.# #...........#####
......###.####..............##
..)##................!.......##
...###########...)............#
........######..................
...####............#..........##
...#########.....{............#
##....# #......S............#
#####.#####....S@S!).........##
.(............)†..............#
####..........................#
# ###........................# #
####.##..................# #
##....#...................#
#####..####..................##
#.....## #..........#......##
####### #..........########


You could see 3 friendly ball pythons.

Vanquished Creatures
  Robin (D:3)
  2 adders (D:2)
  A gnoll (D:1)
  2 worms (D:2)
  A dart slug (D:2)
  4 leopard geckos
  2 orcs (D:3)
  2 giant cockroaches (D:2)
  21 goblins
  12 hobgoblins
  12 jackals
  6 kobolds
  2 quokkas (D:3)
  5 bats
  3 frilled lizards
  5 rats
81 creatures vanquished.

Vanquished Creatures (collateral kills)
  A giant cockroach (D:3)
  A goblin (D:3)
  A jackal (D:3)
3 creatures vanquished.

Grand Total: 84 creatures vanquished

Notes
Turn   | Place    | Note
-------+----------+-------------------------------------------
     0 | D:1      | Jynx the Merfolk Transmuter began the quest for the Orb.
     0 | D:1      | Reached XP level 1. HP: 15/15 MP: 3/3
   202 | D:1      | Reached skill level 3 in Transmutations
   244 | D:1      | Reached XP level 2. HP: 19/21 MP: 3/5
   383 | D:1      | Reached XP level 3. HP: 19/26 MP: 4/6
  1141 | D:2      | Found a shadowy altar of Dithmenos.
  1223 | D:2      | Reached skill level 4 in Transmutations
  1324 | D:2      | Learned a level 2 spell: Sticks to Snakes
  1328 | D:2      | Learned a level 3 spell: Spider Form
  1578 | D:2      | Reached XP level 4. HP: 33/33 MP: 5/7
  2215 | D:2      | Found a hazy altar of Hepliaklqana.
  2649 | D:3      | Noticed Sigmund
  3291 | D:3      | Reached XP level 5. HP: 37/39 MP: 6/8
  3394 | D:3      | Noticed Robin
  3557 | D:3      | Killed Robin
  3597 | D:3      | Reached skill level 5 in Transmutations
  4094 | D:3      | Slain by Sigmund

Skill      XL: |  1  2  3  4  5 |
---------------+----------------+-----
Transmutations | 3 4 5 |  5.0
Fighting       | 2 |  2.5
Unarmed Combat | 4 |  4.0
Dodging        | |  2.6
Spellcasting   | |  2.7

Action                   |  1- 3 |  4- 6 || total
-------------------------+-------+-------++-------
Melee: Unarmed           |   118 |   171 ||   289
       Headbutt          |    14 |    21 ||    35
       Punch             |     3 |     1 ||     4
 Cast: Beastly Appendage |    24 |    23 ||    47
       Sticks to Snakes  |       |     5 ||     5
  Use: Scroll            |     5 |     4 ||     9
 Stab: Sleeping          |     1 |       ||     1
  Eat: Chunk             |     3 |     7 ||    10
Armor: Robe              |     8 |    19 ||    27
Dodge: Dodged            |    80 |   126 ||   206
